 Dungeon Crawl Stone Soup version 0.29-a0-275-g389c0b56f3 (webtiles) character file.

Game seed: 5949894003138065002

497 sammy202020 the Chopper (level 6, -1/57 HPs)
             Began as a Minotaur Berserker on Mar 12, 2022.
             Was a Priest of Trog.
             Slain by an iguana (7 damage)
             ... on level 5 of the Dungeon.
             The game lasted 00:06:44 (3937 turns).

sammy202020 the Chopper (Minotaur Berserker)        Turns: 3937, Time: 00:06:45

Health: -1/57      AC: 13    Str: 21    XL:     6   Next: 93%
Magic:  5/5        EV:  7    Int: 12    God:    Trog [***...]
Gold:   145        SH:  0    Dex: 10    Spells: 5/5 levels left

rFire   . . .      SeeInvis .   a - +0 hand axe
rCold   . . .      Faith    .   (no shield)
rNeg    . . .      Spirit   .   d - +0 plate armour
rPois   .          Reflect  .   (helmet unavailable)
rElec   .          Harm     .   r - +0 cloak
rCorr   +          Rampage  .   (no gloves)
Will    .....                   (no boots)
Stlth   ..........              (no amulet)
HPRegen 0.19/turn               q - +6 ring of intelligence
MPRegen 0.09/turn               f - ring of resist corrosion

@: no status effects
A: horns 3, retaliatory headbutt, sense surroundings 1, subdued magic 1
a: Renounce Religion, Berserk, Trog's Hand


You were on level 5 of the Dungeon.
You worshipped Trog.
Trog was most pleased with you.
You visited 1 branch of the dungeon, and saw 5 of its levels.

You collected 225 gold pieces.
You spent 80 gold pieces at shops.

Inventory:

Hand Weapons
 a - a +0 hand axe (weapon)
Armour
 d - a +0 plate armour (worn)
 r - a +0 cloak (worn)
Jewellery
 f - a ring of resist corrosion (right hand)
 k - an amulet of magic regeneration
 q - a +6 ring of intelligence (left hand)
Wands
 c - a wand of polymorph (9)
 g - a wand of flame (10)
Scrolls
 b - a scroll of magic mapping
 e - 2 scrolls of identify
 i - a scroll of amnesia
 j - a scroll of blinking {unknown}
Potions
 h - a potion of flight {unknown}
 l - a potion of might {unknown}
 m - a potion of lignification {unknown}
 n - 2 potions of brilliance {unknown}
 o - a potion of berserk rage {unknown}
 p - 2 potions of curing


   Skills:
 * Level 5.8 Fighting
 * Level 6.0 Axes
 * Level 5.2 Armour
 + Level 3.6 Dodging


You had 5 spell levels left.
You didn't know any spells.
Your spell library was empty.

Dungeon Overview and Level Annotations

Branches:
Dungeon (5/15)
 Temple: D:4-7

Altars:

Shops:
D:3 (!!?


Innate Abilities, Weirdness & Mutations

You have a pair of large horns on your head.
You reflexively headbutt those who attack you in melee.
You passively map a small area around you.
Your spells are a little easier to cast, but a little less powerful.


Message History

The ice beast hits you but does no damage.
The iguana bites you but does no damage.
You hit the iguana but do no damage.
The iguana is almost dead.
You barely miss the ice beast.
The ice beast hits you but does no damage.
The iguana bites you.
You barely miss the iguana.
The iguana is almost dead.
You hit the ice beast but do no damage. The ice beast hits you.
The ice beast freezes you! The iguana completely misses you.
You are too injured to fight recklessly!
You are too injured to fight recklessly!
You are too injured to fight recklessly!
You are too injured to fight recklessly!
You are too injured to fight recklessly!
You are too injured to fight recklessly!
You are too injured to fight recklessly!
You are too injured to fight recklessly!
You slash the ice beast!
The ice beast is severely wounded.
You closely miss the iguana.
The ice beast hits you but does no damage.
The iguana bites you.
* * * LOW HITPOINT WARNING * * *
You barely miss the ice beast. You headbutt the ice beast.
The ice beast is severely wounded.
You closely miss the iguana. The ice beast hits you.
* * * LOW HITPOINT WARNING * * *
The ice beast freezes you!
* * * LOW HITPOINT WARNING * * *
The iguana bites you but does no damage.
You hit the ice beast.
You kill the ice beast!
Trog accepts your kill.
You barely miss the iguana. The iguana bites you.
* * * LOW HITPOINT WARNING * * *
Your Axes skill increases to level 6!
Your Armour skill increases to level 5!
Found a club and a blue potion.
The iguana bites you!
You die...

.............# .. ,
,
#.#>.....#######.##
#..#
#.###.###..........
.... #..<..#
#.#####..##..... *
#######
#.##......#.....,
#.##....$?......
#.##.##.........
#.......l.#.....,
####.##.@......# ,
#.##.#.#.....
#............ ,
####.##...... * *
*#.# ....?. , #.#
...... , ..., .....
,..* ...)!, * * *
,,


You could see an iguana.

Vanquished Creatures
  An ice beast (D:5)
  A phantom (D:5)
  An orc priest (D:3)
  Jessica (D:3)
  Ijyb (D:3)
  3 iguanas
  An orc wizard (D:3)
  5 adders
  5 worms
  2 dart slugs
  7 orcs
  6 bats
  4 endoplasms
  3 giant cockroaches (D:1)
  6 goblins
  7 hobgoblins
  5 jackals
  2 quokkas
  7 ball pythons
  6 frilled lizards
  6 kobolds
  9 rats
89 creatures vanquished.

Notes
Turn   | Place    | Note
-------+----------+-------------------------------------------
     0 | D:1      | sammy202020 the Minotaur Berserker began the quest for the
                  | Orb.
     0 | D:1      | Reached XP level 1. HP: 19/19 MP: 0/0
   207 | D:1      | Reached XP level 2. HP: 27/27 MP: 1/1
   249 | D:1      | Reached skill level 4 in Axes
   939 | D:1      | Found a faded altar of an unknown god.
  1041 | D:2      | Reached XP level 3. HP: 33/33 MP: 2/2
  1121 | D:2      | Reached ** piety under Trog
  1787 | D:3      | Reached XP level 4. HP: 39/41 MP: 3/3
  1834 | D:3      | Found Dujuxt's Magic Scroll Shoppe.
  2105 | D:3      | Noticed Jessica
  2109 | D:3      | Found Joly's Magic Scroll Boutique.
  2117 | D:3      | Killed Jessica
  2118 | D:3      | Reached XP level 5. HP: 45/47 MP: 4/4
  2173 | D:3      | Found Ycre's Antique Weapon Boutique.
  2210 | D:3      | Found Fyelix's Distillery.
  2220 | D:3      | Bought a potion of mutation for 80 gold pieces
  2268 | D:3      | Gained mutation: Your spells are a little easier to cast,
                  | but a little less powerful. [potion of mutation]
  2268 | D:3      | Gained mutation: You have large cloven feet. [potion of
                  | mutation]
  2269 | D:3      | Lost mutation: Your spells are a little easier to cast, but
                  | a little less powerful. [potion of mutation]
  2269 | D:3      | Lost mutation: You have large cloven feet. [potion of
                  | mutation]
  2269 | D:3      | Gained mutation: Your spells are a little easier to cast,
                  | but a little less powerful. [potion of mutation]
  2269 | D:3      | Gained mutation: You passively map a small area around you.
                  | [potion of mutation]
  2269 | D:3      | Gained mutation: You have a pair of large horns on your
                  | head. [potion of mutation]
  2445 | D:3      | Noticed Ijyb
  2461 | D:3      | Killed Ijyb
  2462 | D:3      | Reached skill level 5 in Axes
  2559 | D:3      | Reached skill level 5 in Fighting
  2639 | D:3      | Found Fiuka's Distillery.
  3217 | D:4      | Reached *** piety under Trog
  3437 | D:4      | Reached XP level 6. HP: 49/56 MP: 5/5
  3600 | D:5      | Entered Level 5 of the Dungeon
  3924 | D:5      | Noticed an ice beast
  3936 | D:5      | Killed an ice beast
  3937 | D:5      | Reached skill level 6 in Axes
  3937 | D:5      | Reached skill level 5 in Armour
  3937 | D:5      | Slain by an iguana

Illustrated notes

Levels and vault maps discovered:
D:1:      doesnt_arrival_eight_statues, layout_loops_cross,
          basic_ecumenical_altar, chequers_serial_rivers_marsh,
          nicolae_figureground_sparkle
D:2:      layout_basic
D:3:      layout_rooms, serial_shops, shop, nicolae_lakefront_shop,
          nicolae_shop_trees, nicolae_shop_statue_plus, shop, minivault_19,
          uniq_ijyb, uniq_jessica
D:4:      layout_cave_pods
D:5:      layout_loops_cross, uniq_duvessa

Skill      XL: |  1  2  3  4  5  6 |
---------------+-------------------+-----
Axes           | 4 5 6 |  6.0
Armour         | 3 4 5 |  5.2
Fighting       | 4 5 |  5.8
Dodging        | 3 |  3.6

Action                   |  1- 3 |  4- 6 || total
-------------------------+-------+-------++-------
Melee: Hand axe          |    87 |   154 ||   241
       Headbutt          |     9 |    24 ||    33
       Punch             |       |     1 ||     1
  Use: Scroll            |       |     9 ||     9
       Potion            |       |     2 ||     2
Armor: Animal skin       |     3 |       ||     3
       Ring mail         |     4 |       ||     4
       Chain mail        |    14 |    48 ||    62
       Plate armour      |       |    45 ||    45
Dodge: Dodged            |    46 |    51 ||    97

Table legend: (Time is in decaauts)
 A = Elapsed time spent in this place.
 B = Non-inter-level travel time spent in this place.
 C = Inter-level travel time spent in this place.
 D = Time resting spent in this place.
 E = Time spent auto-exploring this place.
 F = Levels seen in this place.
 G = Mean time per level.
                   A        B        C        D        E       F      G
               +--------+--------+--------+--------+--------+-----+--------+
         Total |   3951 |   3822 |    129 |      0 |   3112 |   5 |  790.2 |
       Dungeon |   3951 |   3822 |    129 |      0 |   3112 |   5 |  790.2 |
               +--------+--------+--------+--------+--------+-----+--------+

Top non-repeatable levels by time:
     D:1: 1041 daAuts
     D:3: 968 daAuts
     D:4: 882 daAuts
     D:2: 722 daAuts
     D:5: 337 daAuts
